 Dungeon Crawl Stone Soup version 0.17-a0-435-gc4df345 (webtiles) character file.

65 krae the Ruffian (level 4, 0/31 HPs)
             Began as an Octopode Fighter on Apr 4, 2015.
             Slain by stickyfingers's ghost (3 damage)
             ... on level 3 of the Dungeon.
             The game lasted 00:07:30 (1520 turns).

krae the Ruffian (Octopode Fighter)                 Turns: 1520, Time: 00:07:31

Health: 0/31       AC:  1    Str: 20    XL:     4   Next: 13%
Magic:  4/4        EV: 10    Int: 10    God:
Gold:   108        SH:  9    Dex: 12    Spells: 0 memorised, 3 levels left

rFire  + . .     SeeInvis .       - Unarmed
rCold  . . .     Clarity  .     c - +0 shield
rNeg   . . .     SustAb   .     (helmet restricted)
rPois  .         Gourm    .     (no amulet)
rElec  .         Spirit   .     k - ring of protection from fire
rCorr  .         Warding  .     q - ring of protection from magic
rMut   .         Stasis   .     (no ring)
MR     +....                    (no ring)
Stlth  ++........               (no ring)
                                (no ring)
                                (no ring)
                                (no ring)

@: mighty, somewhat resistant to hostile enchantments, unstealthy
A: almost no armour, amphibious, 8 rings, constrict 8, camouflage 1, gelatinous
body 1
a: no special abilities


You were on level 3 of the Dungeon.
You were not hungry.

You visited 1 branch of the dungeon, and saw 3 of its levels.

You collected 108 gold pieces.


Innate Abilities, Weirdness & Mutations

You cannot wear most types of armour.
You are amphibious.
You can wear up to eight rings at the same time.
You can use your tentacles to constrict eight enemies at once.
Your skin changes colour to match your surroundings (Stealth).
Your rubbery body absorbs attacks (AC +1).


   Skills:
 - Level 3.0 Fighting
 - Level 3.0 Dodging
 - Level 3.0 Shields
 + Level 4.2 Unarmed Combat


You had 3 spell levels left.
You didn't know any spells.

Inventory:

Hand weapons
 b - a +0 hunting sling
 l - a +0 whip of electrocution
Missiles
 f - 27 stones (quivered)
 j - 17 sling bullets
 o - 7 curare-tipped needles {=f}
Armour
 c - a +0 shield (worn)
Jewellery
 k - a ring of protection from fire (left tentacle)
 q - a ring of protection from magic (right tentacle)
Scrolls
 h - a scroll of enchant weapon {unknown}
Potions
 d - 2 potions of resistance {unknown}
 m - a potion of curing {unknown}
 n - a potion of magic {unknown}
 p - a potion of cancellation {unknown}
 r - a potion of flight {unknown}
Comestibles
 a - 4 bread rations
 i - 2 meat rations

Dungeon Overview and Level Annotations

Branches:
Dungeon (3/15)

Altars:
Fedhas
Zin

Annotations:
D:3 Terence; stickyfingers's ghost, weakling OpTm

# .####
....########
#..(......#
#.........#
#.........#
#..W......#
#..x......#
#.........#
#.........#
#.........#
#####...#.#
#.#.#.#
####.#.#.#
#<...#.#.#
######.#.#


You could see stickyfingers's ghost.


Message History

Okay, then.
Unknown command.
Drink which item? (? for menu, Esc to quit)
Okay, then.
You aren't carrying any items that can be evoked.
Unknown command.
Read which item? (? for menu, Esc to quit)
Okay, then.
Drink which item? (? for menu, Esc to quit)
You feel very mighty all of a sudden.
You block stickyfingers's ghost's attack.
You bludgeon stickyfingers's ghost!
Stickyfingers's ghost is severely damaged.
Stickyfingers's ghost closely misses you.
You completely miss stickyfingers's ghost.
You tentacle-slap stickyfingers's ghost.
Your squeeze misses stickyfingers's ghost.
Stickyfingers's ghost is severely damaged.
Stickyfingers's ghost barely misses you.
You miss stickyfingers's ghost.
Your squeeze misses stickyfingers's ghost.
Stickyfingers's ghost is severely damaged.
Stickyfingers's ghost hits you!
* * * LOW HITPOINT WARNING * * *
Stickyfingers's ghost hits you!
* * * LOW HITPOINT WARNING * * *
You miss stickyfingers's ghost.
Stickyfingers's ghost is severely damaged.
Stickyfingers's ghost hits you.
You die...

Action                   |  1- 3 |  4- 6 || total
-------------------------+-------+-------++-------
Melee: Unarmed           |    51 |    22 ||    73
       Whip              |     1 |       ||     1
 Fire: Hunting sling     |    38 |     9 ||    47
  Use: Scroll            |     5 |       ||     5
       Potion            |       |     1 ||     1
 Stab: Sleeping          |     5 |     1 ||     6
  Eat: Chunk             |       |     2 ||     2

Vault maps used:
D:1:      evilmike_arrival_grusome_pit
D:2:      fedhas_altar_2, lemuel_doored_altar, lemuel_round_altar,
          minmay_misc_feat_tiny
D:3:      first_bread, uniq_terence, uniq_crazy_yiuf_cottage

Notes
Turn   | Place    | Note
--------------------------------------------------------------
     0 | D:1      | krae, the Octopode Fighter, began the quest for the Orb.
     0 | D:1      | Reached XP level 1. HP: 16/16 MP: 1/1
   317 | D:1      | Reached XP level 2. HP: 21/21 MP: 2/2
   450 | D:1      | Reached skill level 3 in Unarmed Combat
   836 | D:1      | Reached XP level 3. HP: 26/26 MP: 3/3
  1013 | D:2      | Reached skill level 4 in Unarmed Combat
  1069 | D:3      | Reached XP level 4. HP: 20/31 MP: 4/4
  1162 | D:2      | Found a glowing silver altar of Zin.
  1306 | D:2      | Found a blossoming altar of Fedhas.
  1422 | D:3      | Noticed Terence
  1507 | D:3      | Noticed stickyfingers's ghost (weakling OpTm)
  1519 | D:3      | HP: 3/31 [stickyfingers's ghost (7)]
  1520 | D:3      | Slain by stickyfingers's ghost

Vanquished Creatures
  2 adders (D:2)
  A worm (D:2)
  3 giant geckos
  4 bats
  8 goblins
  5 hobgoblins
  4 jackals (D:3)
  A giant cockroach (D:2)
  4 giant newts
  6 kobolds
  5 rats (D:1)
43 creatures vanquished.
